 Dungeon Crawl Stone Soup version 0.20.1-1-g8b1a95d (webtiles) character file.

14690 equalderp2856 the Cleaver (level 11, -4/100 (101) HPs)
             Began as a Minotaur Fighter on Oct 1, 2017.
             Slain by a red ugly thing (21 damage)
             ... on level 11 of the Dungeon.
             The game lasted 00:28:16 (14428 turns).

equalderp2856 the Cleaver (Minotaur Fighter)       Turns: 14428, Time: 00:28:17

HP:   -4/100 (101)  AC: 17    Str: 21    XL:     11   Next: 92%
MP:   11/11         EV:  8    Int:  6    God:
Gold: 478           SH:  0    Dex: 12    Spells: 10/10 levels left

rFire    . . .     SeeInvis .   a - +1 war axe
rCold    . . .     Gourm    .   (no shield)
rNeg     . . .     Faith    .   I - +0 plate armour
rPois    .         Spirit   .   (helmet restricted)
rElec    .         Reflect  .   l - +1 cloak
rCorr    .         Harm     .   (no gloves)
MR       .....                  (no boots)
Stlth    ..........             (no amulet)
Regen    0.3/turn               H - ring of loudness
MPRegen  0.2/turn               (no ring)

@: no status effects
A: retaliatory headbutt, horns 2
a: no special abilities


You were on level 11 of the Dungeon.
You were near starving.

You visited 1 branch of the dungeon, and saw 12 of its levels.

You collected 478 gold pieces.

Inventory:

Hand Weapons
 a - a +1 war axe (weapon)
 k - a -2 spear of freezing
 v - the +7 Singing Sword
   (You found it on level 4 of the Dungeon)
 y - a -2 hand axe of flaming
 F - a +2 dagger of distortion
 Q - a +0 trident
 R - a +1 trident of freezing
Armour
 b - a +0 scale mail
 c - a +0 shield
 e - a +1 chain mail of poison resistance
 l - a +1 cloak (worn)
 s - a +0 cloak
 B - a +0 cloak
 D - the +3 large shield "Pyforgh" {+Blink rC+ Int-5 Dex+3}
   (You found it on level 5 of the Dungeon)

   It affects your intelligence (-5).
   It affects your dexterity (+3).
   It protects you from cold.
   It lets you blink.
 I - a +0 plate armour (worn)
Jewellery
 i - a cursed amulet of inaccuracy
 m - an uncursed amulet of magic regeneration
 n - an uncursed ring of flight
 H - a ring of loudness (left hand)
Wands
 o - a wand of polymorph (0/24)
 u - a wand of paralysis (0/24)
 K - a wand of paralysis (0/24)
 N - a wand of enslavement (11/24)
 S - a wand of polymorph (0/24)
 V - a wand of lightning (0/15)
Scrolls
 g - 10 scrolls of identify
 w - a scroll of fear
 E - a scroll of noise
 M - 2 scrolls of fog
 T - 2 scrolls of teleportation
 W - a scroll of enchant weapon
Potions
 d - 3 potions of might
 h - 4 potions of brilliance {unknown}
 j - 4 potions of curing
 q - 2 potions of degeneration {unknown}
 r - a potion of resistance {unknown}
 x - a potion of mutation {unknown}
 z - a potion of heal wounds {unknown}
 A - 2 potions of invisibility {unknown}
 C - 2 potions of flight {unknown}
 G - 2 potions of haste
 P - 2 potions of agility {unknown}
Books
 J - a book of Transfigurations

   Spells                             Type                      Level
   a - Irradiate                      Conjuration/Transmutation    5
   b - Statue Form                    Transmutation/Earth          6
   c - Hydra Form                     Transmutation                6
   d - Dragon Form                    Transmutation                7
 L - a book of Debilitation

   Spells                             Type                      Level
   a - Corona                         Hexes                        1
   b - Slow                           Hexes                        2
   c - Inner Flame                    Hexes/Fire                   3
   d - Portal Projectile              Hexes/Translocation          3
   e - Cause Fear                     Hexes                        4
   f - Leda's Liquefaction            Hexes/Earth                  4
 O - a book of Misfortune

   Spells                             Type                      Level
   a - Confusing Touch                Hexes                        1
   b - Confuse                        Hexes                        3
   c - Gell's Gravitas                Translocation                3
   d - Petrify                        Transmutation/Earth          4
   e - Metabolic Englaciation         Hexes/Ice                    5
   f - Yara's Violent Unravelling     Hexes/Transmutation          5
 U - a book of Conjurations

   Spells                             Type                      Level
   a - Magic Dart                     Conjuration                  1
   b - Searing Ray                    Conjuration                  2
   c - Dazzling Spray                 Conjuration/Hexes            3
   d - Fulminant Prism                Conjuration/Hexes            4
   e - Force Lance                    Conjuration/Translocation    4
   f - Iskenderun's Mystic Blast      Conjuration                  4
Comestibles
 f - 6 bread rations
 p - 5 meat rations
 t - 2 royal jellies


   Skills:
 + Level 10.6 Fighting
 + Level 14.2(14.4) Axes
 + Level 4.7(10.5) Polearms
 + Level 12.0 Armour
 + Level 3.2 Dodging
 + Level 2.0 Stealth
 + Level 7.1 Shields
 + Level 1.5 Evocations


You had 10 spell levels left.
You didn't know any spells.

Dungeon Overview and Level Annotations

Branches:
Dungeon (12/15)            Temple (0/1) D:7             Orc (0/2) D:11
   Lair: D:8-11

Altars:
Dithmenos
Elyvilon
Hepliaklqana
Okawaru
Ru
Yredelemnul

Shops:
D:6 *

Annotations:
D:7 Prince Ribbit


Innate Abilities, Weirdness & Mutations

You reflexively headbutt those who attack you in melee.
You have a pair of horns on your head.


Message History

The purple ugly thing gurgles horribly!
You slice the red ugly thing!!
The red ugly thing is heavily wounded.
You hear a screech!
The red ugly thing engulfs you but does no damage.
You slash the red ugly thing!
Your headbutt misses the red ugly thing.
The red ugly thing is severely wounded.
The red ugly thing engulfs you!
You are engulfed in flames!
You closely miss the red ugly thing.
Your headbutt misses the red ugly thing.
The red ugly thing is severely wounded.
You completely miss the red ugly thing. You headbutt the red ugly thing!
The red ugly thing is almost dead.
The red ugly thing engulfs you.
You are engulfed in flames!
* * * LOW HITPOINT WARNING * * *
The red ugly thing engulfs you.
* * * LOW HITPOINT WARNING * * *
You are engulfed in flames!!
You die...

#.# #.......# #
######.## #.......# #
#...u...# ######### #
#.####..# #.##....#
#########
#.##.##.###.......#
#.##.#......#####.#
#<......###.#####.####
####.@uu..H...........
###.####.#####.####
#.####.#####.#
#............#
##############


You could see 2 ugly things and a hippogriff.

Vanquished Creatures
  3 centaur warriors
  3 two-headed ogres
  An ugly thing (D:11)
  A rime drake (D:10)
  2 trolls
  A merfolk (D:10)
  2 hippogriffs (D:8)
  3 wyverns
  10 yaks (D:10)
  A spriggan (D:10)
  A vampire (D:10)
  A wraith (D:10)
  Grum (D:10)
  A human (D:10)
  Menkaure (D:4)
  3 water moccasins
  3 orc warriors
  3 ice beasts
  6 sky beasts
  A black bear (D:10)
  2 necrophages
  4 phantoms
  3 wolves
  3 ogres
  2 centaurs
  9 bullfrogs
  A water moccasin zombie (D:7)
  Dowan (D:7)
  12 scorpions
  A wyvern skeleton (D:7)
  8 killer bees
  6 howler monkeys
  3 crimson imps
  2 centaur zombies
  2 bullfrog skeletons
  A jelly (D:9)
  Crazy Yiuf (D:4)
  7 orc priests
  2 centaur skeletons
  5 hounds
  8 orc wizards
  Terence (D:2)
  Natasha (thrice) (D:2)
  2 iguanas (D:7)
  10 worker ants
  2 howler monkey zombies
  A worker ant zombie (D:9)
  A gnoll (D:6)
  11 adders
  A shadow imp (D:8)
  An ooze (D:2)
  2 adder skeletons
  4 worms
  2 dart slugs
  4 leopard geckos
  50 orcs
  2 ball pythons
  13 bats
  5 giant cockroaches
  7 goblins
  5 hobgoblins
  4 jackals
  3 quokkas
  5 frilled lizards
  A jackal skeleton (D:4)
  5 kobolds
  A leopard gecko skeleton (D:5)
  A leopard gecko zombie (D:8)
  7 rats
  A fungus (D:4)
  A plant (D:4)
287 creatures vanquished.

Vanquished Creatures (others)
  3 fungi (D:4)
3 creatures vanquished.

Grand Total: 290 creatures vanquished

Notes
Turn   | Place    | Note
-------+----------+-------------------------------------------
     0 | D:1      | equalderp2856 the Minotaur Fighter began the quest for the Orb.
     0 | D:1      | Reached XP level 1. HP: 19/19 MP: 0/0
    65 | D:1      | Reached XP level 2. HP: 27/27 MP: 1/1
   588 | D:2      | Noticed Terence
   591 | D:2      | Killed Terence
   591 | D:2      | Reached skill level 3 in Axes
   591 | D:2      | Reached XP level 3. HP: 32/33 MP: 2/2
   611 | D:2      | Noticed Natasha
   620 | D:2      | Killed Natasha
   620 | D:2      | Reached XP level 4. HP: 24/40 MP: 3/3
  1014 | D:2      | Noticed Natasha
  1028 | D:2      | Killed Natasha
  1098 | D:2      | Reached skill level 4 in Axes
  1193 | D:2      | Noticed Natasha
  1203 | D:2      | Killed Natasha
  1203 | D:2      | Reached XP level 5. HP: 34/47 MP: 4/4
  2290 | D:4      | Reached skill level 5 in Shields
  2340 | D:4      | Reached skill level 5 in Axes
  2340 | D:4      | Reached XP level 6. HP: 42/53 MP: 5/5
  2421 | D:4      | Noticed Menkaure
  2428 | D:4      | Killed Menkaure
  2619 | D:4      | Reached skill level 6 in Axes
  2661 | D:4      | Reached skill level 5 in Fighting
  2661 | D:4      | Reached XP level 7. HP: 44/61 MP: 6/6
  2901 | D:4      | Reached skill level 7 in Axes
  2901 | D:4      | Reached skill level 5 in Armour
  2917 | D:4      | Reached skill level 1 in Stealth
  3210 | D:4      | Reached skill level 1 in Dodging
  3360 | D:4      | Found a runed door.
  3601 | D:4      | Noticed Crazy Yiuf
  3606 | D:4      | Killed Crazy Yiuf
  3766 | D:5      | Entered Level 5 of the Dungeon
  3821 | D:5      | Found a shadowy altar of Dithmenos.
  3919 | D:5      | Reached XP level 8. HP: 69/69 MP: 7/7
  4221 | D:5      | Found a hazy altar of Hepliaklqana.
  4232 | D:5      | Found a basalt altar of Yredelemnul.
  4357 | D:5      | Got a slimy large shield
  4368 | D:5      | Identified the +3 large shield "Pyforgh" {+Blink rC+ Int-5 Dex+3} (You found it on level 5 of the Dungeon)
  4368 | D:5      | Lost intelligence.
  4497 | D:6      | Found Jiakhoyj's Serpentskin Sales.
  4503 | D:6      | Reached skill level 8 in Axes
  4973 | D:6      | Reached skill level 9 in Axes
  5707 | D:7      | Found a sacrificial altar of Ru.
  5797 | D:7      | Found a staircase to the Ecumenical Temple.
  6139 | D:7      | Noticed Dowan
  6140 | D:7      | Noticed Prince Ribbit
  6140 | D:7      | Noticed a hippogriff
  6163 | D:7      | Killed Dowan
  6297 | D:8      | Reached XP level 9. HP: 67/78 MP: 8/8
  6695 | D:8      | Found an iron altar of Okawaru.
  6763 | D:8      | Noticed a two-headed ogre
  6826 | D:8      | Killed a two-headed ogre
  6826 | D:8      | Reached skill level 10 in Axes
  7801 | D:8      | Reached skill level 1 in Evocations
  7814 | D:8      | Reached XP level 10. HP: 70/90 MP: 9/9
  7829 | D:8      | Reached skill level 11 in Axes
  8377 | D:9      | Reached skill level 1 in Polearms
  8425 | D:9      | Noticed a two-headed ogre
  8435 | D:9      | Killed a two-headed ogre
  8924 | D:9      | Found a white marble altar of Elyvilon.
  9083 | D:10     | Entered Level 10 of the Dungeon
  9389 | D:10     | Reached skill level 12 in Axes
  9758 | D:10     | Noticed Psyche
  9767 | D:10     | Identified a scroll of acquirement
  9912 | D:10     | Noticed Psyche
  9912 | D:10     | Psyche changed into Psyche the rime drake
  9927 | D:10     | Killed Psyche the rime drake
  9955 | D:10     | Noticed a centaur warrior
 10169 | D:9      | Reached skill level 10 in Armour
 10875 | D:10     | Killed a centaur warrior
 10875 | D:10     | Reached XP level 11. HP: 72/99 MP: 10/10
 11432 | D:10     | Reached skill level 13 in Axes
 11479 | D:10     | Noticed a centaur warrior
 11485 | D:10     | Noticed Grum
 11492 | D:10     | Killed a centaur warrior
 11492 | D:10     | Reached skill level 10 in Fighting
 11893 | D:10     | Killed Grum
 13388 | D:11     | Found a staircase to the Orcish Mines.
 13550 | D:11     | Noticed a purple ugly thing
 13723 | D:11     | Noticed a brown ugly thing
 13736 | D:11     | Killed a brown ugly thing
 14018 | D:11     | Noticed a two-headed ogre
 14030 | D:11     | Killed a two-headed ogre
 14194 | D:12     | Reached skill level 14 in Axes
 14219 | D:12     | Noticed a centaur warrior
 14226 | D:12     | Killed a centaur warrior
 14403 | D:12     | Noticed a red ugly thing
 14403 | D:12     | Noticed a two-headed ogre
 14428 | D:11     | Slain by a red ugly thing

Skill      XL: |  1  2  3  4  5  6  7  8  9 10 11 |
---------------+----------------------------------+-----
Shields        | 4 5 6 7 |  7.1
Armour         | 4 5 6 8 10 12 | 12.0
Fighting       | 4 5 6 8 9 10 | 10.6
Axes           | 3 4 5 6 7 9 10 12 14 | 14.2
Stealth        | 1 2 |  2.0
Dodging        | 1 2 3 |  3.2
Evocations     | 1 |  1.5
Polearms       | 4 |  4.7

Action                   |  1- 3 |  4- 6 |  7- 9 | 10-12 || total
-------------------------+-------+-------+-------+-------++-------
Melee: War axe           |    43 |   119 |   115 |   510 ||   787
       Headbutt          |     6 |    19 |    49 |   131 ||   205
       Hand axe          |       |       |    95 |       ||    95
       Double sword      |       |       |    58 |       ||    58
       Trident           |       |       |       |    68 ||    68
Evoke: Wand              |       |     1 |     4 |    19 ||    24
  Use: Scroll            |     4 |     1 |     6 |     6 ||    17
       Potion            |       |       |       |     1 ||     1
 Stab: Paralysed         |       |     1 |     1 |     2 ||     4
  Eat: Chunk             |       |     4 |    15 |    11 ||    30
       Royal jelly       |       |     1 |       |     4 ||     5
       Fruit             |       |       |       |     2 ||     2
Armor: Scale mail        |    26 |       |       |       ||    26
       Chain mail        |     1 |    72 |   162 |   128 ||   363
       Plate armour      |       |       |       |   257 ||   257
Dodge: Dodged            |     6 |    36 |   117 |   195 ||   354
Block: Shield            |    20 |    82 |    45 |       ||   147
       Rpst.: Double sword |       |       |     9 |       ||     9
